 Dungeon Crawl Stone Soup version 0.30.1-3-gfc49f6343a (webtiles) character file.

Game seed: 2481511463905723586

1512 booth the Ducker (level 9, -7/55 HPs)
             Began as a Djinni Fire Elementalist on July 27, 2023.
             Was an Elder of Hepliaklqana.
             Mangled by a wyvern (11 damage)
             ... on level 7 of the Dungeon on July 28, 2023.
             The game lasted 00:35:52 (4852 turns).

booth the Ducker (Djinni Fire Elementalist)         Turns: 4852, Time: 00:35:52

Health: -7/55      AC:  6    Str:  9    XL:     9   Next: 9%
Gold:   367        EV: 14    Int: 19    God:    Hepliaklqana [****..] SH:  0 Dex: 14

rFire   + + +        q - +3 hand axe of Hyes {pain, rF+}
rCold   x . .        (no shield)
rNeg    + . .        l - +1 robe of Undesirable Species {Contam rF+ rN+ MP+9}
rPois   ∞            (no helmet)
rElec   .            t - +0 cloak
rCorr   .            j - +1 pair of gloves
SInv    .            (boots unavailable)
Will    .....        e - amulet of the acrobat
Stlth   +++          i - ring of protection from fire
HPRegen 0.29/turn    (no ring)
MPRegen 0.00/turn

%: acrobat, infuse magic (-8 HP)
@: flying, studying Armour
A: reduced essence, sickness immunity, fire resistance 2, cold vulnerability 1,
float, innate caster, HP casting, extra vitality 1
a: Renounce Religion, Recall Ancestor, Ancestor Identity, Transference, Idealise


You were on level 7 of the Dungeon.
You worshipped Hepliaklqana.
Hepliaklqana was greatly pleased with you.
You visited 1 branch of the dungeon, and saw 7 of its levels.

You collected 367 gold pieces.

Inventory:

Hand Weapons
 c - a +0 whip
 g - a +3 short sword of draining
 q - the +3 hand axe of Hyes (weapon) {pain, rF+}
   (You found it on level 5 of the Dungeon)

   rF:        It protects you from fire.
 s - a +4 quarterstaff of chaos
Missiles
 d - 2 throwing nets
 m - 6 boomerangs (quivered)
 x - 2 atropa-tipped darts
Armour
 j - a +1 pair of gloves (worn)
 l - the +1 robe of Undesirable Species (worn) {Contam rF+ rN+ MP+9}
   (You found it on level 3 of the Dungeon)

   rF:        It protects you from fire.
   rN:        It protects you from negative energy.
   MP:        It affects your magic capacity (+9).
   Contam:    It causes magical contamination when unequipped.
 t - a +0 cloak (worn)
 v - the +4 leather armour of the Vaults {rElec Str+3}
   (You found it on level 6 of the Dungeon)

   Str:       It affects your strength (+3).
   rElec:     It insulates you from electricity.
Jewellery
 e - an amulet of the acrobat (around neck)
 i - a ring of protection from fire (left hand)
Wands
 h - a wand of iceblast (7)
Scrolls
 f - a scroll of teleportation
 k - a scroll of identify
 p - a scroll of fear
 r - a scroll of torment {unknown}
 u - a scroll of fog {unknown}
Potions
 a - a potion of might {unknown}
 b - 3 potions of mutation
 o - a potion of heal wounds {unknown}
 w - 2 potions of degeneration {unknown}


   Skills:
 + Level 4.0 Fighting
 + Level 5.0 Armour
 + Level 5.4 Dodging
 + Level 4.3 Stealth
 * Level 5.4 Spellcasting


You knew the following spells:

 Your Spells              Type           Power      Damage    Failure   Level
a - Foxfire               Conj/Fire      100%       2x1d9     1%          1
b - Scorch                Fire           50%        2d7       1%          2
c - Volatile Blastmotes   Fire/Tloc      50%        2d14      3%          3
d - Inner Flame           Hex/Fire       25%        N/A       3%          3
e - Flame Wave            Conj/Fire      25%        2d8       13%         4
f - Sandblast             Erth           50%        2d12      1%          1
g - Lesser Beckoning      Tloc           50%        N/A       1%          2
h - Vhi's Electric Charg  Tloc/Air       50%        N/A       3%          3
i - Mephitic Cloud        Conj/Pois/Air  25%        N/A       3%          3
Your spell library was empty.

Dungeon Overview and Level Annotations

Branches:
Dungeon (7/15)
 Temple: D:4-7

Altars:
Hepliaklqana


Innate Abilities, Weirdness & Mutations

Your life essence is reduced to manifest your ancestor. (-10% HP)
You are immune to sickness and miasma.
You are immune to poison.
Your flesh is very heat resistant. (rF++)
You are vulnerable to cold. (rC-)
You float through the air rather than walking.
You learn spells naturally, not from books.
Your magical power is your life essence.
You have superior vitality. (+4 MHP)


Message History

A wyvern comes into view.
The orc warrior attacks as you move away!
The orc warrior completely misses you.
The orc priest calls down the wrath of Beogh upon you.
Beogh smites you!
Casting: Scorch (safe; 1% risk of failure)
Confirm with . or Enter, or press ? or * to list all spells.
You conjure some foxfire!
The wyvern hisses angrily.
The ogre is no longer more vulnerable to fire.
The wyvern barely misses you.
The orc warrior hits you with a +0 battleaxe!
The orc warrior hits your foxfire with a +0 battleaxe.
The orc warrior attacks as you move away!
The orc warrior closely misses you.
The orc warrior hits your foxfire with a +0 battleaxe!
The foxfire hits the ogre.
The ogre is moderately wounded.
The foxfire hits the wyvern!
The wyvern is moderately wounded.
The wyvern bites you!
* * * LOW HITPOINT WARNING * * *
A kobold brigand comes into view.
It is wielding a +0 club and quivering curare-tipped darts.
Blink to where?
Press: ? - help, Dir - move target, p - orc warrior
As you read the scroll of blinking, it crumbles to dust.
There is an open door here.
The wyvern attacks as you move away! The wyvern completely misses you.
The wyvern attacks as you move away! The wyvern closely misses you.
The wyvern barely misses you. The wyvern misses you.
The wyvern attacks as you move away! The wyvern bites you!
* * * LOW HITPOINT WARNING * * *
The wyvern closely misses you. The wyvern attacks as you move away!
The wyvern barely misses you.
There is an escape hatch in the ceiling here.
The wyvern bites you.
* * * LOW HITPOINT WARNING * * *
The wyvern bites you!
You die...

........#...##.##.........
........#............#....
........#............# ...
........+............# ..
........#.)..........# .
........#..))........# ..
........#..).........#....
........###)##########.....
##..............@..........
.#..............l..........
.#................h........
.#...>....................
'#........................
.....###'######......######+###
.....#........#......#........#
.....'........#......#........#
.....#........'........)......#


You could see a wyvern and a howler monkey.

Vanquished Creatures
  A water moccasin (D:3)
  An ogre (D:4)
  A hound (D:5)
  Crazy Yiuf (D:6)
  An orc priest (D:6)
  Ijyb (D:3)
  An iguana (D:4)
  3 adders
  2 white imps
  An ufetubus (D:4)
  A worm (D:2)
  A dart slug (D:2)
  3 orcs
  A bat (D:1)
  2 endoplasms (D:1)
  2 giant cockroaches
  A goblin (D:1)
  A hobgoblin (D:1)
  2 jackals (D:4)
  2 kobolds
  3 quokkas
  4 ball pythons
  5 frilled lizards
41 creatures vanquished.

Vanquished Creatures (collateral kills)
  Sigmund (D:4)
  A sky beast (D:6)
  An ogre (D:6)
  2 ice beasts
  2 centaurs
  A howler monkey (D:6)
  2 orc priests
  3 hounds
  A gnoll bouda (D:7)
  An iguana (D:6)
  3 orc wizards
  6 gnolls
  An adder (D:2)
  An ufetubus (D:5)
  2 worms
  A dart slug (D:5)
  7 orcs
  2 bats
  3 endoplasms
  2 goblins
  2 hobgoblins
  2 jackals (D:4)
  A kobold (D:3)
  2 ball pythons
  A frilled lizard (D:3)
  A rat (D:1)
52 creatures vanquished.

Vanquished Creatures (others)
  2 ancestors (D:1)
  3 battlemagi
  99 foxfires
104 creatures vanquished.

Grand Total: 197 creatures vanquished

Notes
Turn   | Place    | Note
-------+----------+-------------------------------------------
     0 | D:1      | booth the Djinni Fire Elementalist began the quest for the
                  | Orb.
     0 | D:1      | booth set off with the following spells memorised: Foxfire,
                  | Scorch, Volatile Blastmotes, Inner Flame, Flame Wave.
     0 | D:1      | Reached XP level 1. HP: 15/15 MP: 0/0
    11 | D:1      | Found a faded altar of an unknown god.
    26 | D:1      | Prayed at the altar of an unknown god.
    26 | D:1      | Became a worshipper of Hepliaklqana the Forgotten
    26 | D:1      | Reached * piety under Hepliaklqana
   203 | D:1      | Reached XP level 2. HP: 14/18 MP: 0/0
   796 | D:2      | Reached ** piety under Hepliaklqana
   802 | D:2      | Remembered your ancestor Nefertara as a battlemage
   896 | D:2      | Reached XP level 3. HP: 18/23 MP: 0/0
   896 | D:2      | Learned a level 1 spell: Sandblast
  1307 | D:3      | Noticed Ijyb
  1319 | D:3      | Killed Ijyb
  1320 | D:3      | Reached skill level 1 in Fighting
  1320 | D:3      | Reached XP level 4. HP: 14/28 MP: 0/0
  1514 | D:3      | Identified the +1 robe of Undesirable Species {Contam rF+
                  | rN+ MP+9}
  1643 | D:3      | Noticed a water moccasin
  1647 | D:3      | Killed a water moccasin
  1648 | D:3      | Reached XP level 5. HP: 31/34 MP: 0/0
  1648 | D:3      | Learned a level 2 spell: Lesser Beckoning
  1766 | D:3      | Reached XP level 6. HP: 38/38 MP: 0/0
  1952 | D:4      | Noticed an ogre
  2121 | D:4      | Reached skill level 1 in Armour
  2176 | D:4      | Noticed Sigmund
  2181 | D:4      | Killed Sigmund
  2182 | D:4      | Reached XP level 7. HP: 41/44 MP: 0/0
  2182 | D:4      | Learned a level 3 spell: Vhi's Electric Charge
  2791 | D:5      | Entered Level 5 of the Dungeon
  2981 | D:5      | Reached *** piety under Hepliaklqana
  3533 | D:5      | Identified the +3 hand axe of Hyes {pain, rF+}
  3545 | D:5      | Reached XP level 8. HP: 43/50 MP: 0/0
  4090 | D:6      | Reached skill level 5 in Dodging
  4090 | D:6      | Reached skill level 5 in Spellcasting
  4168 | D:6      | Found a runed translucent door.
  4169 | D:6      | Noticed Crazy Yiuf
  4180 | D:6      | Killed Crazy Yiuf
  4295 | D:6      | Reached **** piety under Hepliaklqana
  4414 | D:6      | Identified the +4 leather armour of the Vaults {rElec
                  | Str+3}
  4574 | D:7      | Reached XP level 9. HP: 48/55 MP: 0/0
  4574 | D:7      | Learned a level 3 spell: Mephitic Cloud
  4585 | D:7      | Reached skill level 5 in Armour
  4852 | D:7      | Mangled by a wyvern

Illustrated notes

Levels and vault maps discovered:
D:1:      dreamdust_arrival_beginning_and_end, layout_loops_ring,
          hellmonk_ecumenical_altar_run_dry
D:2:      layout_loops_ring
D:3:      layout_basic, serial_park_tiny_pond, uniq_ijyb
D:4:      layout_gridville, uniq_sigmund
D:5:      layout_layer_cave
D:6:      layout_rooms, uniq_crazy_yiuf_cottage
D:7:      layout_gridville, minmay_temple_entry_arrows, minmay_fractal_squares_5

Skill      XL: |  1  2  3  4  5  6  7  8  9 |
---------------+----------------------------+-----
Stealth        | 2 3 4 |  4.3
Fighting       | 1 2 3 4 |  4.0
Spellcasting   | 3 4 5 |  5.4
Dodging        | 3 4 5 |  5.4
Armour         | 2 3 4 5 |  5.0

Action                     |  1- 3 |  4- 6 |  7- 9 || total
---------------------------+-------+-------+-------++-------
  Melee: Whip              |    28 |       |       ||    28
         Unarmed           |     1 |       |       ||     1
         Short sword       |     2 |     9 |     5 ||    16
         Hand axe          |       |       |     7 ||     7
         Punch             |       |       |     1 ||     1
  Throw: Boomerang         |       |       |     1 ||     1
   Cast: Foxfire           |    20 |    14 |    28 ||    62
         Scorch            |     2 |     3 |    17 ||    22
 Invoke: Ancestor Identity |     1 |       |       ||     1
         Ancestor Life: Ba |     1 |       |       ||     1
         Recall Ancestor   |       |       |     1 ||     1
    Use: Scroll            |     3 |     1 |     5 ||     9
         Potion            |     1 |     1 |     3 ||     5
   Stab: Sleeping          |       |     1 |       ||     1
 Armour: Robe              |     8 |     2 |     2 ||    12
  Dodge: Dodged            |    34 |     8 |    25 ||    67
